 Dungeon Crawl Stone Soup version 0.21.1-1-g345015fe64 (webtiles) character file.

14 GreedyOne the Sneak (level 2, -1/15 HPs)
             Began as a Kobold Enchanter on June 9, 2018.
             Slain by a worm (9 damage)
             ... on level 1 of the Dungeon.
             The game lasted 00:02:42 (857 turns).

GreedyOne the Sneak (Kobold Enchanter)               Turns: 857, Time: 00:02:42

Health: -1/15      AC:  3    Str:  5    XL:     2   Next: 60%
Magic:  0/5        EV: 15    Int: 16    God:
Gold:   61         SH:  0    Dex: 15    Spells: 2/5 levels left

rFire    . . .     SeeInvis .   h - +0 short sword (curse)
rCold    . . .     Gourm    .   (shield restricted)
rNeg     . . .     Faith    .   b - +0 robe
rPois    .         Spirit   .   e - +0 helmet
rElec    .         Reflect  .   (no cloak)
rCorr    .         Harm     .   (no gloves)
MR       .....                  (no boots)
Stlth    +++.......             (no amulet)
HPRegen  0.05/turn              (no ring)
MPRegen  0.09/turn              (no ring)

@: no status effects
A: small, carnivore
a: no special abilities


You were on level 1 of the Dungeon.
You were full.

You visited 1 branch of the dungeon, and saw 1 of its levels.

You collected 61 gold pieces.

Inventory:

Hand Weapons
 a - a +1 dagger
 h - a cursed +0 short sword (weapon)
Armour
 b - a +0 robe (worn)
 e - a +0 helmet (worn)
Scrolls
 f - a scroll of immolation {unknown}
 g - a scroll of identify {unknown}
 j - a scroll of fear {unknown}
Potions
 i - a potion of brilliance {unknown}
Books
 c - a book of Maledictions

   Spells                             Type                      Level
   a - Corona                         Hexes                        1
   b - Ensorcelled Hibernation        Hexes/Ice                    2
   c - Confuse                        Hexes                        3
   d - Tukima's Dance                 Hexes                        3
   e - Dazzling Spray                 Conjuration/Hexes            3
Comestibles
 d - a ration


   Skills:
 + Level 2.4 Short Blades
 - Level 2.4 Dodging
 + Level 4.6 Stealth
 - Level 2.1 Spellcasting
 - Level 3.0 Hexes


You had 2 spell levels left.
You knew the following spells:

 Your Spells              Type           Power        Failure   Level  Hunger
a - Corona                Hex            ##.....      6%          1    #......
b - Ensorcelled Hibernat  Hex/Ice        #.....       17%         2    ###....


Dungeon Overview and Level Annotations

Branches:
Dungeon (1/15)

Altars:


Innate Abilities, Weirdness & Mutations

You are small and have problems with some larger weapons.
You are carnivorous and can eat meat at any time.


Message History

Press: ? - help, Shift-Dir - straight line, f - worm
Aim: a worm (almost dead, chance to defeat MR: 47%)
The worm resists with some effort.
Casting: Ensorcelled Hibernation
Confirm with . or Enter, or press ? or * to list all spells.
Aiming: Ensorcelled Hibernation
Press: ? - help, Shift-Dir - straight line, f/p - worm
Aim: a worm (almost dead, chance to defeat MR: 47%)
The worm resists with some effort.
Casting: Ensorcelled Hibernation
Confirm with . or Enter, or press ? or * to list all spells.
Aiming: Corona
Press: ? - help, Shift-Dir - straight line, f/p - worm
Aim: a worm (severely wounded, chance to defeat MR: 55%)
The worm is outlined in light.
You hit the worm but do no damage.
The worm is severely wounded.
The worm bites you!
Ouch! That really hurt!
You die...

##..#.≈..≈..#.##.###.#
#..#..##.####.##.##.#
#..######..#.#..###.#
##..##.#..##..#...##.#
....#.#.##.##.##.###.#
##..#.#.#..###.#.§##†#
#..###.#.###.##.≈##.#
##..##.##.#..#.##.##.#
....#..#.##..##w@.##.#####
##.##.#.# #..≈.####......#
#.###.≈# #<.§.#####.###.#
##.###.#.######...#..# #.#
......###.. #.).####
#.######## ###.##..####
#≈.≈# #......... #.#####
#.>≈# ########## #.# #≈.≈#
... #####


You could see a worm.

Vanquished Creatures
  2 leopard geckos (D:1)
  2 hobgoblins (D:1)
  2 kobolds (D:1)
  3 bats (D:1)
  2 goblins (D:1)
11 creatures vanquished.

Notes
Turn   | Place    | Note
-------+----------+-------------------------------------------
     0 | D:1      | GreedyOne the Kobold Enchanter began the quest for the Orb.
     0 | D:1      | Reached XP level 1. HP: 10/10 MP: 3/3
   487 | D:1      | Reached XP level 2. HP: 15/15 MP: 5/5
   500 | D:1      | Learned a level 2 spell: Ensorcelled Hibernation
   857 | D:1      | Slain by a worm

Skill      XL: |  1 |
---------------+----+-----
Short Blades   | 2 |  2.4
Dodging        | |  2.4
Stealth        | |  4.6
Spellcasting   | |  2.1
Hexes          | |  3.0

Action                   || total
-------------------------++-------
Melee: Dagger            ||    19
       Short sword       ||    33
 Cast: Corona            ||    12
       Ensorcelled Hiber ||     4
 Stab: Sleeping          ||     5
  Eat: Chunk             ||     6
Armor: Robe              ||    15
Dodge: Dodged            ||    55
